 Dungeon Crawl Stone Soup version 0.31-a0-675-g238779eb0a (webtiles) character file.

Game seed: 15315795929298088797

44772 javelincjr the Fighter (level 13, -4/118 HPs)
             Began as a Demonspawn Fighter on Sept 5, 2023.
             Was the Champion of Okawaru.
             Slain by a deep troll shaman (5 damage)
             ... while petrified by a catoblepas
             ... on level 5 of the Lair of Beasts.
             The game lasted 01:07:31 (17744 turns).

javelincjr the Fighter (Demonspawn Fighter)        Turns: 17744, Time: 01:07:31

Health: -4/118     AC: 23    Str: 29    XL:     13   Next: 98%
Magic:  19/19      EV:  2    Int: 12    God:    Okawaru [******]
Gold:   1247       SH:  0    Dex: 21    Spells: 12/12 levels left

rFire   + . .        Y - +16 obsidian axe {drain, demonic, Mesm Drain Fly SInv}
rCold   . . .        t - +2 kite shield
rNeg    + + +        q - +0 chain mail
rPois   ∞            E - +0 hat {Int+3}
rElec   +            b - +2 cloak "Lygumuv" {rElec rF- Dex+3}
rCorr   .            u - +1 pair of gloves
SInv    +            J - +2 pair of boots
Will    .....        r - amulet of reflection Stlth
                     e - +6 ring of strength
HPRegen 0.39/turn    c - +6 ring of dexterity
MPRegen 0.16/turn

%: reflection, clarity
@: about to teleport, petrified, flying, mesmerised
A: horns 2, rugged brown scales 3, (demonic guardian 3), clarity, fire
resistance 2, sturdy frame 1
a: Renounce Religion, Heroism, Finesse, Duel


You were on level 5 of the Lair of Beasts.
You worshipped Okawaru.
Okawaru was exalted by your worship.
You visited 2 branches of the dungeon, and saw 17 of its levels.
You also visited: Bailey.

You collected 1247 gold pieces.

Inventory:

Hand Weapons
 p - a +3 spear
 w - the +9 short sword of True Grit {heavy, rElec Dex+3}
   (You took it off a spriggan in a bailey)

   Dex+3:     It affects your dexterity (+3).
   rElec:     It insulates you from electricity.
 z - a +3 scimitar of flaming
 X - the +6 broad axe of Okawaru's Fury {speed, rElec rC+ rN+}
   (Okawaru gifted it to you on level 9 of the Dungeon)

   rC+:       It protects you from cold.
   rElec:     It insulates you from electricity.
   rN+:       It protects you from negative energy.
 Y - the +16 obsidian axe (weapon) {drain, demonic, Mesm Drain Fly SInv}
   (You found it on level 2 of the Lair of Beasts)

   Mesm:      Its wielder is mesmerised by any visible foes, and it cannot be
   unequipped while any foes are visible.
   SInv:      It lets you see invisible.
   Fly:       It grants you flight.
   Drain:     It drains your maximum health when unequipped.
Missiles
 k - 3 silver javelins
 n - 20 boomerangs (quivered)
 o - 6 throwing nets
 s - 15 poisoned darts
 N - 2 javelins
Armour
 b - the +2 cloak "Lygumuv" (worn) {rElec rF- Dex+3}
   (Okawaru gifted it to you on level 1 of the Lair of Beasts)

   Dex+3:     It affects your dexterity (+3).
   rF-:       It makes you vulnerable to fire.
   rElec:     It insulates you from electricity.
 q - a +0 chain mail (worn)
 t - a +2 kite shield (worn)
 u - a +1 pair of gloves (worn)
 C - a +0 ring mail of fire resistance
 E - a +0 hat of intelligence (worn)
 J - a +2 pair of boots (worn)
 U - +0 acid dragon scales
Jewellery
 c - a +6 ring of dexterity (right hand)
 e - a +6 ring of strength (left hand)
 i - an amulet of faith
 r - an amulet of reflection (around neck)
 Q - an amulet of the acrobat
Wands
 a - a wand of digging (6)
 m - a wand of roots (17)
 I - a wand of flame (19)
 T - a wand of paralysis (15)
 V - a wand of quicksilver (17)
Scrolls
 j - 3 scrolls of poison
 l - 8 scrolls of teleportation
 v - 4 scrolls of summoning
 y - 3 scrolls of fear
 A - a scroll of identify
 B - a scroll of vulnerability
 G - 3 scrolls of immolation
 O - 5 scrolls of enchant weapon
 P - 3 scrolls of blinking
 S - a scroll of silence
 Z - 4 scrolls of amnesia
Potions
 d - 2 potions of might
 f - 6 potions of mutation
 g - a potion of cancellation
 h - a potion of berserk rage
 x - 2 potions of ambrosia
 D - a potion of resistance
 F - 2 potions of enlightenment
 H - 2 potions of magic
 K - 2 potions of invisibility
 L - 3 potions of curing
 M - 4 potions of haste
 W - 2 potions of heal wounds
Miscellaneous
 R - a box of beasts


   Skills:
 * Level 13.5 Fighting
 - Level 2.0 Short Blades
 + Level 8.9 Axes
 + Level 9.2 Armour
 + Level 8.4 Dodging
 + Level 9.0 Shields
 + Level 8.7 Invocations
 + Level 6.7 Evocations


You had 12 spell levels left.
You didn't know any spells.
Your spell library contained the following spells:

 Spells                   Type           Power      Damage    Failure   Level
 Kiss of Death            Conj/Necr      0%         2d5       80%         1
 Cigotuvi's Dreadful Rot  Necr/Pois/Air  0%         N/A       90%         2
 Ensorcelled Hibernation  Hex/Ice        0%         N/A       90%         2
 Lesser Beckoning         Tloc           0%         N/A       90%         2
 Confusing Touch          Hex            0%         N/A       99%         3
 Frozen Ramparts          Ice            0%         1d1       99%         3
 Gell's Gravitas          Tloc           0%         N/A       99%         3
 Ignite Poison            Fire/Tmut/Pois 0%         N/A       99%         3
 Inner Flame              Hex/Fire       0%         N/A       99%         3
 Ozocubu's Armour         Ice            0%         N/A       99%         3
 Portal Projectile        Hex/Tloc       0%         N/A       99%         3
 Teleport Other           Tloc           0%         N/A       99%         3
 Volatile Blastmotes      Fire/Tloc      0%         2d10      99%         3
 Anguish                  Hex/Necr       0%         N/A       100%        4
 Cause Fear               Hex            0%         N/A       100%        4
 Dispel Undead            Necr           0%         3d6       100%        4
 Flame Wave               Conj/Fire      0%         2d4       100%        4
 Fulminant Prism          Conj/Hex       0%         3d5       100%        4
 Iskenderun's Mystic Bla  Conj/Tloc      0%         2d3       100%        4
 Leda's Liquefaction      Hex/Erth       0%         N/A       100%        4
 Passage of Golubria      Tloc           0%         N/A       100%        4
 Petrify                  Tmut/Erth      0%         N/A       100%        4
 Sticky Flame             Conj/Fire      0%         2d3       100%        4
 Alistair's Intoxication  Tmut/Pois      0%         N/A       100%        5
 Borgnjor's Vile Clutch   Necr/Erth      0%         N/A       100%        5
 Fireball                 Conj/Fire      0%         3d3       100%        5
 Freezing Cloud           Conj/Ice/Air   0%         6-21      100%        5
 Metabolic Englaciation   Hex/Ice        0%         N/A       100%        5
 Yara's Violent Unravell  Hex/Tmut       0%         3d3       100%        5
 Eringya's Noxious Bog    Tmut/Pois      0%         4d6       100%        6
 Enfeeble                 Hex            0%         N/A       100%        7
 Orb of Destruction       Conj           0%         9d5       100%        7
 Ozocubu's Refrigeration  Ice            0%         4d7       100%        7
 Call Canine Familiar     Summ           Unusable   N/A       N/A         3
 Summon Guardian Golem    Hex/Summ       Unusable   N/A       N/A         3
 Tukima's Dance           Hex            Unusable   N/A       N/A         3
 Spellforged Servitor     Conj/Summ      Unusable   N/A       N/A         7
 Dragon's Call            Summ           Unusable   N/A       N/A         9

Dungeon Overview and Level Annotations

Branches:
Dungeon (12/15)            Temple (0/1) D:6            Lair (5/5) D:11
 Shoals (0/4) Lair:2        Snake (0/4) Lair:3          Orc (0/2) D:10
 Bailey (visited)
  Slime: Lair:4-5

Altars:
Kikubaaqudgha
Makhleb
Okawaru
Qazlal
Sif Muna
Trog
Uskayaw
Vehumet
Wu Jian
Xom

Shops:
D:2 (   D:3 *


Innate Abilities, Weirdness & Mutations

You have a pair of horns on your head.
You are completely covered in rugged brown scales. (AC +3, +7% HP)
((A powerful demonic guardian rushes to your aid.))
You possess an exceptional clarity of mind.
Your flesh is very heat resistant. (rF++)
Your movements are slightly less encumbered by armour. (ER -2)


Message History

You feel strangely unstable.
Visions of slaying the death yak flood into your mind.
You are engulfed in calcifying dust.
Your limbs have turned to stone.
The death yak gores you but does no damage.
The catoblepas breathes a plume of calcifying dust at you.
The blast of calcifying dust hits the death yak.
The blast of calcifying dust hits you but does no damage.
The deep troll shaman bites you.
* * * LOW HITPOINT WARNING * * *
You block the deep troll shaman's attack.
The deep troll shaman barely misses you.
The death yak is engulfed in calcifying dust.
The death yak stops moving altogether!
The death yak gores you but does no damage.
The death yak gores you!
* * * LOW HITPOINT WARNING * * *
You have turned to stone.
Visions of slaying the death yak flood into your mind.
The death yak gores you!
* * * LOW HITPOINT WARNING * * *
The deep troll shaman bites you!
* * * LOW HITPOINT WARNING * * *
The deep troll shaman claws you.
* * * LOW HITPOINT WARNING * * *
The deep troll shaman claws you but does no damage.
The death yak gores you.
* * * LOW HITPOINT WARNING * * *
The death yak gores you but does no damage.
Visions of slaying the deep troll shaman flood into your mind.
The death yak seems less drained.
The death yak gores you but does no damage.
The catoblepas breathes a plume of calcifying dust at you.
The blast of calcifying dust hits the death yak.
The blast of calcifying dust hits you.
* * * LOW HITPOINT WARNING * * *
The deep troll shaman bites you but does no damage.
The deep troll shaman claws you.
* * * LOW HITPOINT WARNING * * *
The deep troll shaman claws you!
You die...

### #.###
##..§#######
#.P.§.......
#..Y@Y##
##.YYTY#
##.#Yk..#
##..#......#
##..##.....÷..
#..P#.......8.
#.P.#....#....
#...#...#.##.8
#...# ..##.


You could see 5 death yaks, a catoblepas (drained), a lindwurm and a deep troll
shaman (mesmerising).

Vanquished Creatures
  Gastronok (Lair:2)
  Kirke (Lair:3)
  The ghost of bahustanut the Fighter, a journeyman DjCj of Cheibriados (Lair:2)
  4 hydras
  The ghost of Doprafe the Severer, a journeyman DsFi of Okawaru (Lair:1)
  Erica (D:8)
  4 two-headed ogres
  2 catoblepae
  2 boulder beetles
  A death yak (Lair:5)
  Sonja (Lair:2)
  2 skysharks
  3 skeletal warriors (D:12)
  A manticore (D:12)
  A cyclops (D:12)
  Maurice (D:8)
  2 black mambas
  6 elephants
  15 cane toads
  3 rime drakes
  9 komodo dragons
  5 polar bears
  2 trolls
  Prince Ribbit (Lair:1)
  12 blink frogs
  A snapping turtle (Lair:2)
  2 spriggans (Bailey)
  4 wraiths
  29 yaks
  7 wyverns
  5 hogs (Lair:3)
  A human (Lair:3)
  2 basilisks
  3 steam dragons
  5 acid dragons
  9 water moccasins
  A sky beast (D:7)
  3 black bears
  4 orc warriors
  9 ogres
  9 wolves
  5 centaurs
  2 phantoms
  3 gnoll sergeants
  11 bullfrogs
  3 scorpions (D:5)
  10 wights
  12 killer bees
  A howler monkey (D:6)
  A bullfrog zombie (D:5)
  2 jellies
  4 hounds
  5 orc priests
  A gnoll bouda (D:4)
  A sleepcap (D:6)
  2 iguanas
  14 orc wizards
  A statue (D:6)
  A hound zombie (D:5)
  3 adders
  19 gnolls
  3 white imps
  2 ufetubi (D:5)
  2 worms (D:2)
  2 dart slugs (D:3)
  55 orcs
  5 ball pythons
  8 endoplasms
  2 giant cockroaches
  8 goblins
  6 hobgoblins
  3 jackals (D:1)
  4 quokkas
  10 bats
  5 frilled lizards
  3 kobolds
  10 rats
405 creatures vanquished.

Vanquished Creatures (collateral kills)
  Grinder (D:5)
  A shadow imp (D:5)
2 creatures vanquished.

Vanquished Creatures (others)
  A killer bee (D:8)
1 creature vanquished.

Grand Total: 408 creatures vanquished

Notes
Turn   | Place    | Note
-------+----------+-------------------------------------------
     0 | D:1      | javelincjr the Demonspawn Fighter began the quest for the
                  | Orb.
     0 | D:1      | Reached XP level 1. HP: 18/18 MP: 1/1
   147 | D:1      | Gained mutation: You are partially covered in rugged brown
                  | scales. (AC +1, +3% HP) [demonic ancestry]
   147 | D:1      | Reached XP level 2. HP: 18/24 MP: 2/2
   409 | D:1      | Reached XP level 3. HP: 29/29 MP: 3/3
   973 | D:2      | Found Pacw's Weapon Shoppe.
  1392 | D:3      | Found Jemu's General Store.
  1419 | D:3      | Found a hide-covered altar of Uskayaw.
  1561 | D:3      | Reached XP level 4. HP: 37/37 MP: 4/4
  1572 | D:3      | Gained mutation: You occasionally lose the ability to drink
                  | potions when taking damage. [potion of mutation]
  1572 | D:3      | Gained mutation: You have large cloven feet. [potion of
                  | mutation]
  1572 | D:3      | Gained mutation: Your muscles are strong. (Str +4, Int/Dex
                  | -1) [potion of mutation]
  1573 | D:3      | Lost mutation: Your muscles are strong. (Str +4, Int/Dex
                  | -1) [potion of mutation]
  1573 | D:3      | Lost mutation: You occasionally lose the ability to drink
                  | potions when taking damage. [potion of mutation]
  1573 | D:3      | Lost mutation: You have large cloven feet. [potion of
                  | mutation]
  1573 | D:3      | Gained mutation: You have large cloven feet. [potion of
                  | mutation]
  1573 | D:3      | Gained mutation: You have hoof-like feet. [potion of
                  | mutation]
  1573 | D:3      | Gained mutation: You have hidden genetic potential. [potion
                  | of mutation]
  2006 | D:4      | Reached skill level 4 in Fighting
  2006 | D:4      | Gained mutation: A weak demonic guardian rushes to your
                  | aid. [demonic ancestry]
  2006 | D:4      | Reached XP level 5. HP: 14/43 MP: 5/5
  2014 | D:4      | Gained mutation: Your flesh is heat resistant. (rF+)
                  | [hidden potential]
  2031 | D:4      | Noticed a phantom
  2042 | D:4      | Killed a phantom
  2043 | D:4      | Reached skill level 1 in Dodging
  2368 | D:4      | Found a shimmering blue altar of Sif Muna.
  2490 | D:4      | Reached XP level 6. HP: 37/50 MP: 6/6
  2594 | D:4      | Gained mutation: Your movements are slightly less
                  | encumbered by armour. (ER -2) [hidden potential]
  2594 | D:4      | Lost mutation: You have hidden genetic potential. [hidden
                  | potential expressed]
  2767 | D:5      | Entered Level 5 of the Dungeon
  2818 | D:5      | Reached skill level 5 in Fighting
  3004 | D:5      | Gained mutation: A demonic guardian rushes to your aid.
                  | [demonic ancestry]
  3004 | D:5      | Reached XP level 7. HP: 50/57 MP: 7/7
  3371 | D:5      | Found a stormy altar of Qazlal.
  3814 | D:5      | Noticed Grinder
  3818 | D:5      | Paralysed by Grinder for 4 turns
  3822 | D:5      | Killed Grinder
  3823 | D:5      | Reached skill level 6 in Fighting
  3823 | D:5      | Gained mutation: You are mostly covered in rugged brown
                  | scales. (AC +2, +5% HP) [demonic ancestry]
  3823 | D:5      | Reached XP level 8. HP: 29/67 MP: 8/8
  3984 | D:6      | Found an iron altar of Okawaru.
  3995 | D:6      | Became a worshipper of Warmaster Okawaru
  4027 | D:6      | Found a staircase to the Ecumenical Temple.
  4082 | D:6      | Found a radiant altar of Vehumet.
  4549 | D:6      | Reached * piety under Okawaru
  4634 | D:6      | Reached skill level 7 in Fighting
  4634 | D:6      | Reached skill level 5 in Armour
  4846 | D:6      | Found a bloodstained altar of Trog.
  4944 | D:6      | Reached skill level 5 in Shields
  5191 | D:7      | Gained mutation: You have a pair of small horns on your
                  | head. [demonic ancestry]
  5191 | D:7      | Reached XP level 9. HP: 18/75 MP: 6/9
  5201 | D:7      | HP: 3/75 [gnoll/+0 spear[a gnoll sergeant] (6)]
  5494 | D:7      | Found a shimmering altar of Xom.
  5594 | D:7      | Reached ** piety under Okawaru
  5933 | D:7      | Reached skill level 5 in Axes
  6075 | D:7      | Reached skill level 8 in Fighting
  6562 | D:8      | Noticed Erica
  6572 | D:8      | Killed Erica
  6813 | D:8      | Reached *** piety under Okawaru
  6871 | D:8      | Found a flagged portal.
  6879 | Bailey   | Entered a bailey
  7030 | Bailey   | Reached skill level 9 in Fighting
  7030 | Bailey   | Gained mutation: You are completely covered in rugged brown
                  | scales. (AC +3, +7% HP) [demonic ancestry]
  7030 | Bailey   | Reached XP level 10. HP: 64/88 MP: 10/10
  7072 | Bailey   | Noticed a two-headed ogre
  7074 | Bailey   | Reached skill level 5 in Dodging
  7097 | Bailey   | Killed a two-headed ogre
  7275 | Bailey   | Identified the +9 short sword of True Grit {heavy, rElec
                  | Dex+3}
  7286 | Bailey   | Reached **** piety under Okawaru
  7386 | Bailey   | Lost mutation: Your movements are slightly less encumbered
                  | by armour. (ER -2) [potion of mutation]
  7386 | Bailey   | Lost mutation: You have hoof-like feet. [potion of
                  | mutation]
  7386 | Bailey   | Lost mutation: You have large cloven feet. [potion of
                  | mutation]
  7386 | Bailey   | Gained mutation: Your flesh is very heat resistant. (rF++)
                  | [potion of mutation]
  7386 | Bailey   | Gained mutation: You possess an exceptional clarity of
                  | mind. [potion of mutation]
  7386 | Bailey   | Gained mutation: Your movements are slightly less
                  | encumbered by armour. (ER -2) [potion of mutation]
  7513 | D:8      | Noticed a two-headed ogre
  7520 | D:8      | Killed a two-headed ogre
  7521 | D:8      | Reached skill level 1 in Invocations
  7521 | D:8      | Reached skill level 1 in Evocations
  7556 | D:8      | Noticed Maurice
  7613 | D:8      | Killed Maurice
  7614 | D:8      | Reached skill level 1 in Short Blades
  7973 | D:8      | Found a burning altar of Makhleb.
  8378 | D:9      | Reached ***** piety under Okawaru
  8449 | D:9      | Reached skill level 10 in Fighting
  8732 | D:9      | Identified the +6 broad axe of Okawaru's Fury {speed, rElec
                  | rC+ rN+} (Okawaru gifted it to you on level 9 of the
                  | Dungeon)
  8732 | D:9      | Received a gift from Okawaru
  8733 | D:9      | Gained mutation: A powerful demonic guardian rushes to your
                  | aid. [demonic ancestry]
  8733 | D:9      | Reached XP level 11. HP: 86/96 MP: 13/13
  8957 | D:10     | Entered Level 10 of the Dungeon
  8978 | D:10     | Noticed a two-headed ogre
  8989 | D:10     | Killed a two-headed ogre
  9223 | D:10     | Found an ornate altar of the Wu Jian Council.
  9722 | D:10     | Found a staircase to the Orcish Mines.
 10060 | D:11     | Found a staircase to the Lair.
 10316 | D:11     | Received a gift from Okawaru
 10511 | D:11     | Noticed a boulder beetle
 10527 | D:11     | Killed a boulder beetle
 10950 | D:12     | Noticed a skeletal warrior
 10952 | D:12     | Noticed a skeletal warrior
 10952 | D:12     | Noticed a skeletal warrior
 10965 | D:12     | Killed a skeletal warrior
 10975 | D:12     | Killed a skeletal warrior
 10989 | D:12     | Killed a skeletal warrior
 10990 | D:12     | Reached skill level 11 in Fighting
 11402 | D:12     | Noticed a two-headed ogre
 11410 | D:12     | Killed a two-headed ogre
 11411 | D:12     | Reached skill level 5 in Invocations
 12372 | Lair:1   | Entered Level 1 of the Lair of Beasts
 12438 | Lair:1   | Noticed Prince Ribbit
 12448 | Lair:1   | Killed Prince Ribbit
 12473 | Lair:1   | Reached XP level 12. HP: 82/107 MP: 15/15
 12599 | Lair:1   | Identified the +2 cloak "Lygumuv" {rElec rF- Dex+3}
                  | (Okawaru gifted it to you on level 1 of the Lair of Beasts)
 12599 | Lair:1   | Received a gift from Okawaru
 12663 | Lair:1   | Found a large runed translucent door.
 12663 | Lair:1   | Found a large runed translucent door.
 12665 | Lair:1   | Noticed Doprafe's ghost (journeyman DsFi)
 12678 | Lair:1   | Noticed a catoblepas
 12680 | Lair:1   | Killed Doprafe's ghost
 12692 | Lair:1   | Killed a catoblepas
 13482 | Lair:2   | Noticed Gastronok
 13485 | Lair:2   | Noticed Sonja
 13497 | Lair:2   | Killed Gastronok
 13498 | Lair:2   | Reached skill level 12 in Fighting
 13498 | Lair:2   | Reached skill level 5 in Evocations
 13499 | Lair:2   | Killed Sonja
 13657 | Lair:2   | Found a staircase to the Shoals.
 13780 | Lair:2   | Noticed bahustanut's ghost (journeyman DjCj)
 13782 | Lair:2   | Found a runed translucent door.
 13837 | Lair:2   | Killed bahustanut's ghost
 14006 | Lair:2   | Found the +16 obsidian axe {drain, demonic, Mesm Drain Fly
                  | SInv}
 14477 | Lair:3   | Found a staircase to the Snake Pit.
 14538 | Lair:3   | Found an ancient bone altar of Kikubaaqudgha.
 14612 | Lair:3   | Noticed Kirke
 14818 | Lair:3   | Killed Kirke
 14818 | Lair:3   | Received a gift from Okawaru
 14819 | Lair:3   | Gained mutation: You have a pair of horns on your head.
                  | [demonic ancestry]
 14819 | Lair:3   | Reached XP level 13. HP: 116/116 MP: 18/18
 16503 | Lair:5   | Entered Level 5 of the Lair of Beasts
 16675 | Lair:5   | Reached skill level 13 in Fighting
 16850 | Lair:5   | Reached ****** piety under Okawaru
 16870 | Lair:5   | Received a gift from Okawaru
 17743 | Lair:5   | HP: 5/118 [deep troll shaman (2)]
 17744 | Lair:5   | HP: 2/118 [catoblepas/blast of calcifying dust (1)]
 17744 | Lair:5   | Slain by a deep troll shaman

Illustrated notes

Levels and vault maps discovered:
D:1:      lightli_molten_gateway, layout_loops_ring
D:2:      layout_rooms, serial_shops, nicolae_shop_scrapyard,
          minmay_misc_feat_tiny
D:3:      layout_basic, nicolae_overflow_crystal_walls, serial_shops, shop
D:4:      layout_loops_ring, general_overflow_altar
D:5:      layout_gridville, nicolae_qazlal_general_emergency, serial_undead,
          serial_undead_b, serial_undead_f, serial_undead_c, serial_undead_e,
          bh_walls_and_bars, uniq_grinder
D:6:      layout_basic, old_standard_altar, okawaru_metal_pillars_1_2,
          vehumet_statue, dk_vineyard_1
D:7:      layout_layer_cave, mainiacjoe_overflow_24_doors,
          chequers_serial_rivers_micro_a
D:8:      layout_loops_ring, mainiacjoe_overflow_catwalk,
          nicolae_tso_swordbearing_angel, nicolae_elyvilon_temple_path,
          enter_bailey_3, uniq_maurice, uniq_erica
D:9:      layout_rooms
D:10:     layout_irregular_city, nzn_wu_jian_contemplation, hiddenorc2_lemuel
D:11:     layout_long_grid, dpeg_oklobed_lair
D:12:     layout_roguey
Lair:1:   layout_regular_city, ebering_ghost_disaster_area, uniq_prince_ribbit2
Lair:2:   layout_loops_ring, minmay_shoals_entry_hut,
          hellmonk_ghost_happy_afterlife, nicolae_lair_grove_arrangements,
          dreamdust_deal_with_the_devil, uniq_gastronok, uniq_sonja
Lair:3:   layout_hall_layers, dummy_snake_entry, basic_altar,
          cheibrodos_lair_lostbears, uniq_kirke
Lair:4:   layout_regular_city, st_stairs_12
Lair:5:   grunt_lair_end_beastmaster, layout_hall_layers,
          dpeg_slime_entry_enclosed, st_stairs_12, guppyfry_lair_drakes

Skill      XL: |  1  2  3  4  5  6  7  8  9 10 11 12 13 |
---------------+----------------------------------------+-----
Axes           | 2 3 4 5 6 7 8 |  8.9
Armour         | 3 4 5 6 7 8 9 |  9.2
Shields        | 3 4 5 6 7 8 9 |  9.0
Fighting       | 4 5 6 7 9 10 11 12 13 | 13.5
Dodging        | 1 2 3 4 5 6 7 8 |  8.4
Invocations    | 2 5 7 8 |  8.7
Evocations     | 2 4 5 6 |  6.7
Short Blades   | 2 |  2.0

Action                     |  1- 3 |  4- 6 |  7- 9 | 10-12 | 13-15 || total
---------------------------+-------+-------+-------+-------+-------++-------
  Melee: War axe           |   143 |    99 |   254 |    35 |       ||   531
         Kick              |       |    26 |    66 |     8 |       ||   100
         Headbutt          |       |       |    22 |   137 |    39 ||   198
         Short sword       |       |       |       |   122 |       ||   122
         Broad axe         |       |       |       |   454 |   175 ||   629
         Unarmed           |       |       |       |     2 |       ||     2
  Throw: Boomerang         |       |     9 |    13 |    38 |     4 ||    64
 Invoke: Heroism           |       |       |     1 |     7 |       ||     8
         Finesse           |       |       |       |     1 |       ||     1
    Use: Scroll            |       |     4 |    12 |     6 |     8 ||    30
         Potion            |       |     2 |     4 |     5 |     1 ||    12
   Stab: Distracted        |       |       |       |       |     1 ||     1
 Armour: Scale mail        |    53 |       |       |       |       ||    53
         Chain mail        |    33 |    83 |   198 |   258 |   241 ||   813
         Skin              |       |       |       |    17 |       ||    17
  Dodge: Dodged            |    71 |    37 |   106 |   189 |   116 ||   519
  Block: Buckler           |    46 |    61 |    90 |       |       ||   197
         Reflection        |       |     3 |     2 |    19 |     2 ||    26
         Kite shield       |       |       |    84 |   462 |   221 ||   767
         Other             |       |       |       |     1 |       ||     1

Table legend: (Time is in decaauts)
 A = Elapsed time spent in this place.
 B = Non-inter-level travel time spent in this place.
 C = Inter-level travel time spent in this place.
 D = Time resting spent in this place.
 E = Time spent auto-exploring this place.
 F = Levels seen in this place.
 G = Mean time per level.
                   A        B        C        D        E       F      G
               +--------+--------+--------+--------+--------+-----+--------+
         Total |  18079 |  17182 |    897 |   2011 |  11435 |  18 | 1004.4 |
       Dungeon |  12076 |  11318 |    758 |   1214 |   7601 |  12 | 1006.3 |
          Lair |   5409 |   5271 |    138 |    506 |   3800 |   5 | 1081.8 |
        Bailey |    593 |    593 |      0 |    291 |     33 |   1 |  593.0 |
               +--------+--------+--------+--------+--------+-----+--------+

Top non-repeatable levels by time:
     D:7: 1669 daAuts
     D:8: 1309 daAuts
  Lair:5: 1277 daAuts
     D:5: 1265 daAuts
  Lair:2: 1238 daAuts
    D:10: 1122 daAuts
     D:6: 1070 daAuts
  Lair:4: 1063 daAuts
    D:12: 1002 daAuts
     D:4: 996 daAuts
     D:1: 980 daAuts
  Lair:1: 960 daAuts
    D:11: 924 daAuts
  Lair:3: 869 daAuts
     D:9: 672 daAuts
